 Dungeon Crawl Stone Soup version 0.30-a0-1050-g2766ea1e55 (webtiles) character file.

Game seed: 10345097322476084268

444 MacCMillion the Shooter (level 6, 0/48 HPs)
             Began as a Demigod Hunter on Apr 11, 2023.
             Constricted to death by Eustachio (2 damage)
             ... on level 3 of the Dungeon.
             The game lasted 00:04:08 (2782 turns).

MacCMillion the Shooter (Demigod Hunter)            Turns: 2782, Time: 00:04:08

Health: 0/48       AC:  3    Str: 12    XL:     6   Next: 43%
Magic:  0/8        EV:  9    Int: 11    God:
Gold:   202        SH:  0    Dex: 25    Spells: 5/5 levels left

rFire   . . .      SeeInvis .    a - +0 shortbow
rCold   . . .      Faith    .    (shield currently unavailable)
rNeg    . . .      Spirit   +    c - +0 leather armour
rPois   .          Reflect  .    (no helmet)
rElec   .          Rampage  .    (no cloak)
rCorr   .                        (no gloves)
Will    .....                    (no boots)
Stlth   ++                       k - amulet of guardian spirit
HPRegen 0.28/turn                (no ring)
MPRegen 0.11/turn                (no ring)

@: grasped by roots, constricted
A: high MP 1, forlorn, divine attributes
a: no special abilities


You were on level 3 of the Dungeon.
You visited 1 branch of the dungeon, and saw 4 of its levels.

You collected 202 gold pieces.

Inventory:

Hand Weapons
 a - a +0 shortbow (weapon)
Armour
 c - a +0 leather armour (worn)
Jewellery
 k - an amulet of guardian spirit (around neck)
 r - a ring of wizardry
Scrolls
 b - a scroll of immolation
 d - 3 scrolls of teleportation {unknown}
 f - a scroll of vulnerability {unknown}
 h - a scroll of blinking {unknown}
 i - 4 scrolls of enchant weapon {unknown}
 j - a scroll of identify {unknown}
 m - a scroll of silence {unknown}
 n - 2 scrolls of enchant armour {unknown}
 o - a scroll of noise {unknown}
 s - a scroll of fog {unknown}
Potions
 e - a potion of curing {unknown}
 g - 2 potions of might {unknown}
 l - a potion of haste {unknown}
 p - a potion of lignification {unknown}
 q - 2 potions of invisibility {unknown}


   Skills:
 - Level 1.7 Fighting
 + Level 7.2 Ranged Weapons
 - Level 1.7 Dodging
 - Level 2.0 Stealth


You had 5 spell levels left.
You didn't know any spells.
Your spell library contained the following spells:

 Spells                   Type           Power      Damage    Failure   Level
 Necrotise                Necr           0%         1d4       41%         1
 Poisonous Vapours        Pois/Air       0%         N/A       56%         2
 Mephitic Cloud           Conj/Pois/Air  0%         N/A       80%         3
 Vampiric Draining        Necr           0%         2d6       80%         3
 Agony                    Necr           0%         N/A       100%        5
 Freezing Cloud           Conj/Ice/Air   0%         6-21      100%        5


Dungeon Overview and Level Annotations

Branches:
Dungeon (4/15)             Temple (0/1) D:4

Shops:
D:2 (

Annotations:
D:3 Eustachio


Innate Abilities, Weirdness & Mutations

You have an increased reservoir of magic. (+10% MP)
You shall have no god before yourself.
Your divine heritage dramatically boosts your attributes as you level up.


Message History

The grasping roots grab you!
Eustachio is unaffected.
The grasping roots constrict you. The roots lose their grip on you.
You climb upwards.
There is a stone staircase leading down here.
You shoot an arrow. The arrow hits Eustachio.
Eustachio is lightly wounded.
Eustachio barely misses you.
You shoot an arrow. The arrow misses Eustachio.
Eustachio misses you.
You shoot an arrow. The arrow hits Eustachio.
Eustachio is moderately wounded.
Eustachio hits you with a +0 rapier.
You shoot an arrow. The arrow barely misses Eustachio.
Eustachio zaps a wand.
The roots erupt in riotous growth!
The grasping roots grab you!
Eustachio is unaffected.
The grasping roots constrict you!
You are too injured to fight recklessly!
You are too injured to fight recklessly!
Unknown command.
You are too injured to fight recklessly!
You are too injured to fight recklessly!
You are too injured to fight recklessly!
Fire: a) +0 shortbow
Press: ? - help, Q - select action Shift-Dir - straight line, f/p - Eustachio
Aim: Eustachio, wielding a +0 rapier, wearing a +0 leather armour and carrying a wand of roots (11) (moderately wounded, 58% to hit)
You shoot an arrow. The arrow closely misses Eustachio.
Eustachio says, "My allies will avenge me."
Eustachio closely misses you. The grasping roots constrict you.
Eustachio hits you with a +0 rapier.
* * * LOW HITPOINT WARNING * * *
The grasping roots constrict you.
* * * LOW HITPOINT WARNING * * *
Fire: a) +0 shortbow
Press: ? - help, Q - select action Shift-Dir - straight line, f/p - Eustachio
Aim: Eustachio, wielding a +0 rapier, wearing a +0 leather armour and carrying a wand of roots (11) (moderately wounded, 58% to hit)
You shoot an arrow. The arrow hits Eustachio.
Eustachio is moderately wounded.
Eustachio hits you with a +0 rapier!
* * * LOW HITPOINT WARNING * * *
The grasping roots constrict you.
You die...

##############.#.#.#.###...#
.# #.#.....#.....# .####
#.....#.#.#.#.# ....###
###..<#.#.#.#.# ###...##
#.....#...#.# # ###..#
#.#####.....# #
##.#########)######.#### #
#.........@........#
##########.@######## ####


You could see Eustachio.

Vanquished Creatures
  An ogre (D:4)
  A hound (D:4)
  2 orc priests
  2 iguanas (D:4)
  Ijyb (D:4)
  An orc wizard (D:3)
  6 adders
  5 dart slugs
  4 orcs (D:3)
  6 ball pythons
  6 endoplasms
  7 giant cockroaches
  9 goblins
  11 hobgoblins
  6 jackals
  10 kobolds
  6 quokkas
  6 bats
  2 frilled lizards
  6 rats
98 creatures vanquished.

Notes
Turn   | Place    | Note
-------+----------+-------------------------------------------
     0 | D:1      | MacCMillion the Demigod Hunter began the quest for the Orb.
     0 | D:1      | Reached XP level 1. HP: 17/17 MP: 3/3
     8 | D:1      | Reached skill level 1 in Stealth
   142 | D:1      | Reached XP level 2. HP: 24/24 MP: 4/4
   298 | D:1      | Reached skill level 4 in Ranged Weapons
   477 | D:1      | Reached XP level 3. HP: 29/29 MP: 5/5
   813 | D:2      | Found Pimumpoz's Antique Weapon Emporium.
  1031 | D:2      | Reached XP level 4. HP: 36/36 MP: 6/6
  1079 | D:2      | Reached skill level 5 in Ranged Weapons
  1589 | D:3      | Reached XP level 5. HP: 40/41 MP: 5/7
  1662 | D:3      | Identified the +0 ring mail "Qoss" {Harm rF+ rC+ Int-3}
  1848 | D:3      | Reached skill level 6 in Ranged Weapons
  2209 | D:4      | Found a staircase to the Ecumenical Temple.
  2241 | D:4      | Noticed an ogre
  2612 | D:4      | Reached XP level 6. HP: 42/48 MP: 8/8
  2692 | D:4      | Reached skill level 7 in Ranged Weapons
  2761 | D:4      | Noticed Ijyb
  2766 | D:4      | Noticed Eustachio
  2769 | D:4      | Killed Ijyb
  2782 | D:3      | HP: 2/48 [Eustachio/+0 rapier (8)]
  2782 | D:3      | Constricted to death by Eustachio

Illustrated notes

Levels and vault maps discovered:
D:1:      ncdulo_watergridlock, layout_loops_ring
D:2:      layout_rooms, ebering_ecumenical_altar_webs, serial_shops,
          nicolae_square_shop, grunt_ministairs_4
D:3:      layout_basic
D:4:      layout_rooms, amethyst_overflow_temple_binary,
          minmay_temple_entry_proselytizer, uniq_grinder, uniq_eustachio,
          uniq_pikel, uniq_ijyb

Skill      XL: |  1  2  3  4  5  6 |
---------------+-------------------+-----
Stealth        | 1 2 |  2.0
Ranged Weapons | 4 5 6 7 |  7.2
Fighting       | |  1.7
Dodging        | |  1.7

Action                     |  1- 3 |  4- 6 || total
---------------------------+-------+-------++-------
   Fire: Shortbow          |   112 |   148 ||   260
 Armour: Leather armour    |    13 |    12 ||    25
  Dodge: Dodged            |    44 |    58 ||   102

Table legend: (Time is in decaauts)
 A = Elapsed time spent in this place.
 B = Non-inter-level travel time spent in this place.
 C = Inter-level travel time spent in this place.
 D = Time resting spent in this place.
 E = Time spent auto-exploring this place.
 F = Levels seen in this place.
 G = Mean time per level.
                   A        B        C        D        E       F      G
               +--------+--------+--------+--------+--------+-----+--------+
         Total |   2854 |   2749 |    105 |    800 |   1404 |   4 |  713.5 |
       Dungeon |   2854 |   2749 |    105 |    800 |   1404 |   4 |  713.5 |
               +--------+--------+--------+--------+--------+-----+--------+

Top non-repeatable levels by time:
     D:3: 929 daAuts
     D:2: 718 daAuts
     D:1: 686 daAuts
     D:4: 521 daAuts
